 Dungeon Crawl Stone Soup version 0.26-b1-57-gb162d0664a (webtiles) character file.

Game seed: 14779094442426784911

1372 Goreval the Conjurer (level 8, -2/50 HPs)
             Began as an Octopode Conjurer on Jan 8, 2021.
             Was a Follower of Nemelex Xobeh.
             Slain by an ogre
             ... wielding a +0 giant spiked club
              (32 damage)
             ... on level 6 of the Dungeon.
             The game lasted 00:15:05 (11250 turns).

Goreval the Conjurer (Octopode Conjurer)           Turns: 11250, Time: 00:15:06

Health: -2/50      AC:  1    Str:  7    XL:     8   Next: 66%
Magic:  11/14      EV: 14    Int: 22    God:    Nemelex Xobeh [*.....]
Gold:   355        SH:  0    Dex: 10    Spells: 1/15 levels left

rFire    . . .     SeeInvis .   p - +3 dagger (drain)
rCold    . . .     Faith    .   (no shield)
rNeg     . . .     Spirit   .   (helmet restricted)
rPois    .         Reflect  .   (no amulet)
rElec    .         Harm     .   s - ring of stealth
rCorr    .         Rampage  .   x - ring of wizardry
Will     .....                  (no ring)
Stlth    +++++.....             (no ring)
HPRegen  0.16/turn              (no ring)
MPRegen  0.14/turn              (no ring)
                                (no ring)
                                (no ring)

@: about to teleport
A: almost no armour, stealthy swim, amphibious, 8 rings, constrict 8, camouflage
1, gelatinous body 1
a: Renounce Religion, Draw Escape, Draw Destruction, Draw Summoning


You were on level 6 of the Dungeon.
You worshipped Nemelex Xobeh.
Nemelex Xobeh was aware of your devotion.
You visited 2 branches of the dungeon, and saw 7 of its levels.

You collected 355 gold pieces.

Inventory:

Hand Weapons
 p - a +3 dagger of draining (weapon)
 t - a +1 dagger of venom
Missiles
 f - 5 javelins
 i - 162 stones
Jewellery
 s - a ring of stealth (left tentacle)
 x - a ring of wizardry (right tentacle)
Wands
 y - a wand of enslavement (6)
Scrolls
 e - 4 scrolls of identify
 g - a scroll of enchant armour
 j - 3 scrolls of amnesia
 k - 6 scrolls of teleportation
 v - 5 scrolls of remove curse
Potions
 a - 4 potions of heal wounds
 b - a potion of ambrosia
 c - a potion of haste {unknown}
 d - 2 potions of cancellation
 h - 2 potions of flight {unknown}
 n - 3 potions of curing {unknown}
 q - a potion of berserk rage {unknown}
 u - 2 potions of degeneration {unknown}
 z - a potion of brilliance


   Skills:
 + Level 1.9 Fighting
 - Level 4.3 Dodging
 + Level 6.9 Stealth
 - Level 4.0 Spellcasting
 * Level 7.5 Conjurations
 * Level 2.9 Hexes


You had one spell level left.
You knew the following spells:

 Your Spells              Type           Power        Failure   Level
a - Magic Dart            Conj           100%         1%          1
b - Searing Ray           Conj           74%          1%          2
c - Dazzling Flash        Conj/Hex       54%          1%          3
d - Fulminant Prism       Conj/Hex       13%          5%          4
e - Iskenderun's Mystic   Conj/Tloc      21%          10%         4

Your spell library contained the following spells:

 Spells                   Type           Power        Failure   Level


Dungeon Overview and Level Annotations

Branches:
Dungeon (6/15)             Temple (1/1) D:4

Altars:
Ashenzari
Cheibriados
Dithmenos
Elyvilon
Fedhas
Gozag
Hepliaklqana
Makhleb
Nemelex Xobeh
Okawaru
Qazlal
Sif Muna
Trog
Uskayaw
Vehumet
Wu Jian
Xom
Yredelemnul
Zin
The Shining One

Annotations:
D:6 Prince Ribbit


Innate Abilities, Weirdness & Mutations

You cannot wear most types of armour.
You are very stealthy in the water. (Stealth+)
You are amphibious.
You can wear up to eight rings at the same time.
You can use your tentacles to constrict eight enemies at once.
Your skin changes colour to match your surroundings (Stealth+).
Your rubbery body absorbs attacks. (AC +1, EV +1)


Message History

The magic dart hits the howler monkey!
The howler monkey hoots and howls with incredible vigour!
The magic dart hits the howler monkey but does no damage.
The magic dart hits the howler monkey.
The magic dart hits the howler monkey!
You kill the howler monkey!
Prince Ribbit is nearby!
Found 13 gold pieces.
Found a stone staircase leading up.
An ogre comes into view. It is wielding a +0 giant spiked club.
The ogre shouts!
The ogre misses you.
The ogre hits you with a +0 giant spiked club!!
Unknown command.
As you read the scroll of teleportation, it crumbles to dust.
You feel strangely unstable.
The ogre hits you with a +0 giant spiked club!!
Ouch! That really hurt!
You die...
Your body disappears without a glow.

### .... #.. .....
#######.F .....#
....... ..†.# .....
... ... #F #.# #.
#.### ####### ##
#.#@###.....#
#.#.O##.....# ####
#.##..#.....#####...
#.###...$.........##
#.# ###.....#######
#.# #<....# #.#
#.....# #.# #.....#
#.# #######


You could see an ogre.

Vanquished Creatures
  2 phantoms
  A centaur (D:5)
  2 scorpions
  2 howler monkeys
  A bullfrog zombie (D:6)
  2 hounds
  A centaur skeleton (D:4)
  3 jellies (D:3)
  2 orc priests (D:4)
  2 bullfrog skeletons (D:4)
  Ijyb (D:4)
  7 orc wizards
  4 worker ants
  A killer bee zombie (D:6)
  A hound skeleton (D:5)
  4 adders
  A gnoll (D:1)
  A shadow imp (D:5)
  2 white imps (D:6)
  9 oozes
  An adder skeleton (D:5)
  4 worms
  2 leopard geckos (D:4)
  29 orcs
  4 giant cockroaches
  3 goblins
  8 hobgoblins
  18 jackals
  11 kobolds
  4 quokkas
  2 ball pythons
  8 bats
  4 frilled lizards
  2 giant cockroach zombies
  A leopard gecko skeleton (D:5)
  4 rats
154 creatures vanquished.

Vanquished Creatures (others)
  A frilled lizard (D:3)
  7 fungi (D:3)
  2 plants (D:5)
  7 toadstools (D:3)
17 creatures vanquished.

Grand Total: 171 creatures vanquished

Notes
Turn   | Place    | Note
-------+----------+-------------------------------------------
     0 | D:1      | Goreval the Octopode Conjurer began the quest for the Orb.
     0 | D:1      | Reached XP level 1. HP: 11/11 MP: 3/3
   405 | D:1      | Reached XP level 2. HP: 17/17 MP: 1/5
   936 | D:1      | Reached XP level 3. HP: 21/21 MP: 6/6
   939 | D:1      | Learned a level 2 spell: Searing Ray
  1813 | D:2      | Reached XP level 4. HP: 27/27 MP: 2/7
  1873 | D:2      | Learned a level 3 spell: Dazzling Flash
  2257 | D:3      | Found a radiant altar of Vehumet.
  2261 | D:2      | Found a blossoming altar of Fedhas.
  2261 | D:2      | Found a hide-covered altar of Uskayaw.
  3546 | D:3      | Reached XP level 5. HP: 31/31 MP: 1/9
  3708 | D:3      | Reached skill level 5 in Conjurations
  4340 | D:3      | Reached XP level 6. HP: 18/36 MP: 6/10
  4788 | D:4      | Noticed Ijyb
  4793 | D:4      | Killed Ijyb
  4794 | D:4      | Reached skill level 5 in Stealth
  6735 | D:4      | Reached XP level 7. HP: 38/41 MP: 12/12
  6852 | D:4      | Reached skill level 6 in Conjurations
  6906 | D:4      | Found a staircase to the Ecumenical Temple.
  7011 | Temple   | Entered the Ecumenical Temple
  7017 | Temple   | Learned a level 4 spell: Fulminant Prism
  7147 | Temple   | Became a worshipper of Nemelex Xobeh the Trickster
  7911 | D:5      | Entered Level 5 of the Dungeon
  9209 | D:5      | Found a shadowy altar of Dithmenos.
  9446 | D:5      | Reached XP level 8. HP: 36/46 MP: 2/14
  9452 | D:5      | Learned a level 4 spell: Iskenderun's Mystic Blast
  9719 | D:5      | Reached skill level 7 in Conjurations
  9719 | D:5      | Reached skill level 1 in Hexes
  9966 | D:5      | Found a snail-covered altar of Cheibriados.
  9967 | D:5      | Found a broken altar of Ashenzari.
  9967 | D:5      | Found a glowing silver altar of Zin.
  9968 | D:5      | Found a basalt altar of Yredelemnul.
  9997 | D:5      | Found a blossoming altar of Fedhas.
 10343 | D:6      | Reached skill level 1 in Fighting
 10363 | D:6      | Reached * piety under Nemelex Xobeh
 10363 | D:6      | Received a gift from Nemelex Xobeh
 10844 | D:6      | Noticed Prince Ribbit
 11250 | D:6      | Slain by an ogre

Illustrated notes

Levels and vault maps discovered:
D:1:      evilmike_arrival_hilbert_curve, layout_loops_ring, st_stairs_10,
          grunt_decor_one_mirror, item_on_display_a
D:2:      layout_rooms, nicolae_overflow_hidden_temple,
          chequers_serial_rivers_micro_a, hangedman_decor_diamond_cutter
D:3:      cheibrodos_fertilizer, layout_basic, fiery_altar_vehumet,
          minmay_misc_feat_diagonals
D:4:      layout_gridville, minmay_temple_entry_proselytizer, uniq_ijyb
D:5:      layout_cave_pods, chequers_temple_overflow_statue_of_worship,
          lemuel_doored_altar, fedhas_ov_isle_minmay
D:6:      layout_rooms, uniq_prince_ribbit1
Temple:   minmay_temple_forest_path

Skill      XL: |  1  2  3  4  5  6  7  8 |
---------------+-------------------------+-----
Stealth        | 3 4 5 6 |  6.9
Conjurations   | 5 6 7 |  7.5
Dodging        | 3 4 |  4.3
Spellcasting   | 3 4 |  4.0
Hexes          | 2 |  2.9
Fighting       | 1 |  1.9

Action                   |  1- 3 |  4- 6 |  7- 9 || total
-------------------------+-------+-------+-------++-------
Melee: Club              |     8 |       |       ||     8
       Constrict         |     5 |    11 |    10 ||    26
       Dagger            |    11 |    53 |    59 ||   123
       Tentacles         |     1 |     5 |     7 ||    13
 Cast: Magic Dart        |    58 |    96 |   163 ||   317
       Searing Ray       |     1 |     8 |     6 ||    15
       Dazzling Flash    |       |     1 |     1 ||     2
  Use: Scroll            |       |       |    14 ||    14
 Stab: Sleeping          |     1 |       |       ||     1
Armor: Skin              |     1 |     3 |     8 ||    12
Dodge: Dodged            |    12 |    53 |    48 ||   113
